 Dungeon Crawl Stone Soup version 0.29-a0-1006-g0dd7720b37 (webtiles) character file.

Game seed: 6345272400466945982

305 SkeletonJelly the Slasher (level 6, -1/45 HPs)
             Began as a Draconian Monk on Aug 6, 2022.
             Was a Believer of Hepliaklqana.
             Slain by a lemure (7 damage)
             ... led by Pikel
             ... on level 3 of the Dungeon.
             The game lasted 00:06:20 (3002 turns).

SkeletonJelly the Slasher (Draconian Monk)          Turns: 3002, Time: 00:06:21

Health: -1/45      AC:  7    Str: 13    XL:     6   Next: 15%
Magic:  6/6        EV: 12    Int: 11    God:    Hepliaklqana [**....]
Gold:   124        SH:  0    Dex: 15    Spells: 5/5 levels left

rFire   . . .      SeeInvis .   a - +0 falchion
rCold   . . .      Faith    .   (no shield)
rNeg    . . .      Spirit   .   (body armour unavailable)
rPois   .          Reflect  .   (helmet restricted)
rElec   .          Harm     .   (no cloak)
rCorr   .          Rampage  .   (no gloves)
Will    .....                   t - +0 pair of boots
Stlth   ++........              (no amulet)
HPRegen 0.15/turn               (no ring)
MPRegen 0.10/turn               (no ring)

@: no status effects
A: reduced essence, AC +6, unfitting armour, cold-blooded
a: Renounce Religion, Recall Ancestor, Ancestor Identity


You were on level 3 of the Dungeon.
You worshipped Hepliaklqana.
Hepliaklqana was pleased with you.
You visited 2 branches of the dungeon, and saw 5 of its levels.

You collected 124 gold pieces.

Inventory:

Hand Weapons
 a - a +0 falchion (weapon)
Armour
 o - a +2 pair of gloves
 t - a +0 pair of boots (worn)
Wands
 s - a wand of roots (6)
Scrolls
 c - 2 scrolls of teleportation {unknown}
 e - a scroll of immolation {unknown}
 g - a scroll of enchant weapon {unknown}
 i - a scroll of magic mapping {unknown}
 j - a scroll of poison {unknown}
 k - a scroll of vulnerability {unknown}
 m - a scroll of amnesia {unknown}
 p - 5 scrolls of identify {unknown}
Potions
 b - a potion of ambrosia
 d - 2 potions of haste {unknown}
 f - a potion of flight {unknown}
 h - 2 potions of berserk rage {unknown}
 l - a potion of curing {unknown}
 n - 2 potions of attraction {unknown}
 q - 2 potions of heal wounds
 r - a potion of brilliance {unknown}
 u - a potion of experience {unknown}


   Skills:
 - Level 3.2 Fighting
 + Level 7.0 Long Blades
 - Level 2.6 Dodging
 - Level 1.7 Stealth


You had 5 spell levels left.
You didn't know any spells.
Your spell library contained the following spells:

 Spells                   Type           Power      Damage    Failure   Level
 Fulminant Prism          Conj/Hex       0%         3d6       98%         4
 Iskenderun's Mystic Bla  Conj/Tloc      0%         2d3       98%         4
 Lee's Rapid Deconstruct  Erth           0%         3d5*      100%        5


Dungeon Overview and Level Annotations

Branches:
Dungeon (4/15)             Temple (1/1) D:4

Altars:
Ashenzari
Cheibriados
Dithmenos
Fedhas
Gozag
Hepliaklqana
Kikubaaqudgha
Makhleb
Okawaru
Qazlal
Ru
Sif Muna
Trog
Uskayaw
Wu Jian
Zin
The Shining One

Annotations:
D:4 Pikel


Innate Abilities, Weirdness & Mutations

Your life essence is reduced to manifest your ancestor. (-10% HP)
Your plain brown scales are hard. (AC +6)
You cannot fit into any form of body armour.
You are cold-blooded and may be slowed by cold attacks.


Message History

The lemure attacks as you move away! The lemure misses you.
There is an open door here.
The lemure attacks as you move away! The lemure barely misses you.
Aiming: Fastroot
Press: ? - help, Shift-Dir - straight line
Okay, then.
A giant cockroach comes into view.
The lemure attacks as you move away! The lemure hits you but does no damage.
The giant cockroach closely misses you.
There is an open door here.
The lemure attacks as you move away! The lemure closely misses you.
The giant cockroach bites you but does no damage.
The giant cockroach closely misses you. The lemure attacks as you move away!
The lemure hits you but does no damage.
The giant cockroach attacks as you move away!
The giant cockroach bites you but does no damage.
The giant cockroach attacks as you move away!
The giant cockroach barely misses you.
Pikel seems less drained.
The lemure attacks as you move away! The lemure closely misses you.
The giant cockroach closely misses you.
The giant cockroach bites you but does no damage.
The giant cockroach attacks as you move away!
The giant cockroach bites you but does no damage.
The lemure attacks as you move away! The lemure hits you.
* * * LOW HITPOINT WARNING * * *
There is an escape hatch in the ceiling here.
You take 1 damage, and have 11/45 hp.
The lemure hits you but does no damage. A mysterious force pulls you upwards.
The hatch slams shut behind you.
You closely miss the lemure.
The lemure is lightly wounded.
The lemure closely misses you.
You barely miss the lemure.
The lemure is lightly wounded.
The lemure closely misses you.
You closely miss the lemure.
The lemure is lightly wounded.
The lemure completely misses you.
You hit the lemure but do no damage.
Your tail-slap misses the lemure.
The lemure is lightly wounded.
The lemure barely misses you.
You barely miss the lemure.
The lemure is lightly wounded.
The lemure hits you.
* * * LOW HITPOINT WARNING * * *
You take 1 damage, and have 11/45 hp.
You hit the lemure.
You tail-slap the lemure, but do no damage.
The lemure is lightly wounded.
The lemure closely misses you.
You hit the lemure but do no damage.
Your tail-slap misses the lemure.
The lemure is lightly wounded.
The lemure barely misses you.
You barely miss the lemure.
The lemure is lightly wounded.
The lemure hits you.
* * * LOW HITPOINT WARNING * * *
You take 2 damage, and have 10/45 hp.
You barely miss the lemure.
The lemure is lightly wounded.
The lemure hits you.
* * * LOW HITPOINT WARNING * * *
You take 4 damage, and have 6/45 hp.
You hit the lemure. Your punch misses the lemure.
The lemure is lightly wounded.
The lemure barely misses you.
You slash the lemure!
The lemure is heavily wounded.
The lemure hits you.
* * * LOW HITPOINT WARNING * * *
You take 3 damage, and have 3/45 hp.
You hit the lemure.
Your tail-slap misses the lemure.
The lemure is heavily wounded.
The lemure closely misses you.
You are confused.
You feel invigorated. The lemure closely misses you.
You regained 5 hp, and now have 8/45 hp.
You're too confused to move!
The lemure misses you.
You regained 4 hp, and now have 12/45 hp.
You miss the lemure.
The lemure is heavily wounded.
You regained 4 hp, and now have 16/45 hp.
You feel less invigorated.
Inhapi emerges from the mists of memory!
You feel less confused. The lemure hits you.
* * * LOW HITPOINT WARNING * * *
You take 3 damage, and have 13/45 hp.
You open the door. The lemure hits you!
* * * LOW HITPOINT WARNING * * *
Inhapi casts a spell at the lemure.
The lemure appears confused.
You take 7 damage, and have 6/45 hp.
You hit the lemure.
The lemure is heavily wounded.
The lemure barely misses you.
You hit the lemure. You tail-slap the lemure.
The lemure is severely wounded.
The lemure hits you!
You die...

........##..#.......#..##..####
.##..##..'..'###+###'..+...##
##...###.#..#.+...+.#..#....#
......####..#.#...#)#..##.#.#
.........+##'.#._.#.'##'..#.##
...#....##..#.#...#.#..#..#..####
.##...#..#..#.+...'.#..##.##.....
.##.#.##.+..'###'###'..+.........
###.#.####..#..5@R..#..#.....####
# #.#.####..#.......#..##.#..#8..
##.#.)).###'###+###'####.#.##.##
#..#####....# #.##..# #.#.#_.#4
#.## #..#.# #.....# #.#.##.## ###
####..#.# #####.####.#..#8..
###.....#.#######....#....####
##...###.........####.#........
##..### ##).....#.# #.#.####.##


You could see the friendly Inhapi the hexer and a lemure (confused, ally
target).

Vanquished Creatures
  An ogre (D:4)
  A lemure (D:4)
  A scorpion (D:3)
  An iguana (D:4)
  Jessica (D:2)
  A gnoll (D:2)
  4 adders
  A worm (D:2)
  3 dart slugs
  5 orcs
  2 ball pythons (D:1)
  3 endoplasms (D:2)
  2 giant cockroaches (D:1)
  7 goblins
  5 hobgoblins
  3 quokkas
  3 bats
  4 frilled lizards
  3 kobolds
51 creatures vanquished.

Vanquished Creatures (collateral kills)
  A lemure (D:4)
1 creature vanquished.

Vanquished Creatures (others)
  A hexer (D:4)
  9 plants (D:4)
10 creatures vanquished.

Grand Total: 62 creatures vanquished

Notes
Turn   | Place    | Note
-------+----------+-------------------------------------------
     0 | D:1      | SkeletonJelly the Draconian Monk began the quest for the
                  | Orb.
     0 | D:1      | Reached XP level 1. HP: 19/19 MP: 1/1
   277 | D:1      | Reached XP level 2. HP: 20/26 MP: 2/2
   552 | D:1      | Reached skill level 4 in Long Blades
   668 | D:2      | Reached XP level 3. HP: 31/31 MP: 3/3
   963 | D:2      | Reached XP level 4. HP: 32/38 MP: 4/4
  1142 | D:2      | Noticed Jessica
  1147 | D:2      | Killed Jessica
  1148 | D:2      | Reached skill level 5 in Long Blades
  1542 | D:3      | Noticed a scorpion
  1549 | D:3      | Killed a scorpion
  1550 | D:3      | Reached skill level 6 in Long Blades
  1550 | D:3      | Reached XP level 5. HP: 36/45 MP: 5/5
  1698 | D:3      | Found a snail-covered altar of Cheibriados.
  2074 | D:3      | Found a faded altar of an unknown god.
  2074 | D:3      | Noticed an orange demon
  2183 | D:4      | Identified the +2 leather armour "Jamn" {Harm rF- Will+}
  2229 | D:4      | Noticed a lemure
  2275 | D:4      | Killed a lemure
  2374 | D:4      | Found a staircase to the Ecumenical Temple.
  2375 | D:4      | Upgraded the game from 0.29-a0-998-g1987434951 to
                  | 0.29-a0-1006-g0dd7720b37
  2387 | Temple   | Entered the Ecumenical Temple
  2575 | Temple   | Became a worshipper of Hepliaklqana the Forgotten
  2575 | Temple   | Reached * piety under Hepliaklqana
  2575 | Temple   | Reached ** piety under Hepliaklqana
  2576 | Temple   | Remembered your ancestor Inhapi as a hexer
  2614 | D:4      | Noticed an ogre
  2622 | D:4      | Killed an ogre
  2727 | D:4      | Reached XP level 6. HP: 45/45 MP: 6/6
  2836 | D:4      | Reached skill level 7 in Long Blades
  2936 | D:4      | Noticed Pikel
  3002 | D:3      | Slain by a lemure

Illustrated notes

Levels and vault maps discovered:
D:1:      eino_arrival_water_cross, layout_rooms, kennysheep_nondescript
D:2:      layout_basic, uniq_jessica
D:3:      minmay_octagon_keep, layout_rooms, mainiacjoe_overflow_24_doors,
          dreamdust_ecumenical_altar_sealed_demon
D:4:      layout_basic, minmay_temple_entry_overgrown, uniq_pikel
Temple:   eino_temple_rhombus

Skill      XL: |  1  2  3  4  5  6 |
---------------+-------------------+-----
Long Blades    | 4 6 7 |  7.0
Fighting       | |  3.2
Dodging        | |  2.6
Stealth        | |  1.7

Action                   |  1- 3 |  4- 6 || total
-------------------------+-------+-------++-------
Melee: Falchion          |    84 |   129 ||   213
       Tailslap          |    14 |    18 ||    32
       Punch             |       |     1 ||     1
Invok: Ancestor Life: He |       |     1 ||     1
Evoke: Wand              |       |     3 ||     3
  Use: Potion            |       |     1 ||     1
 Stab: Sleeping          |     3 |     2 ||     5
Armor: Skin              |    36 |    32 ||    68
Dodge: Dodged            |    57 |    88 ||   145

Table legend: (Time is in decaauts)
 A = Elapsed time spent in this place.
 B = Non-inter-level travel time spent in this place.
 C = Inter-level travel time spent in this place.
 D = Time resting spent in this place.
 E = Time spent auto-exploring this place.
 F = Levels seen in this place.
 G = Mean time per level.
                   A        B        C        D        E       F      G
               +--------+--------+--------+--------+--------+-----+--------+
         Total |   3012 |   2858 |    154 |      0 |   2289 |   5 |  602.4 |
       Dungeon |   2816 |   2681 |    135 |      0 |   2128 |   4 |  704.0 |
        Temple |    195 |    176 |     19 |      0 |    161 |   1 |  195.0 |
               +--------+--------+--------+--------+--------+-----+--------+

Top non-repeatable levels by time:
     D:2: 850 daAuts
     D:1: 705 daAuts
     D:4: 658 daAuts
     D:3: 602 daAuts
  Temple: 195 daAuts
